 Dungeon Crawl Stone Soup version 0.32-a0-136-gc02482bde3 (webtiles) character file.

Game seed: 9756031329183489487

350 zeratav the Sneak (level 6, 0/45 HPs)
             Began as an Octopode Shapeshifter on Feb 10, 2024.
             Was an Initiate of Gozag.
             Splashed by a jelly's acid (7 damage)
             ... on level 4 of the Dungeon.
             The game lasted 00:07:19 (2879 turns).

zeratav the Sneak (Octopode Shapeshifter)           Turns: 2879, Time: 00:07:19

Health: 0/45       AC: -1    Str: 16      XL:     6   Next: 61%
Magic:  6/6        EV: 13    Int: 11 (12) God:    Gozag
Gold:   416        SH:  0    Dex: 11      Spells: 5/5 levels left

rFire   . .          .
                       - Unarmed
rCold   . . .        (no shield)
rNeg    . . .        (helmet currently unavailable)
rPois   +            (no amulet)
rElec   .            (no ring)
rCorr   .            (no ring)
SInv    +            (no ring)
Will    .....        (no ring)
Stlth   ++++         (no ring)
HPRegen 0.27/turn    (no ring)
MPRegen 0.10/turn    (no ring)
                     (no ring)

%: no passive effects
@: beast-form, corroded
A: beast (slay +2), almost no armour, amphibious, 8 rings, camouflage 1,
gelatinous body 1, (nimble swimmer 1), tentacles, iridescent scales 1, see
invisible, deterioration 1, poison resistance
a: Begin Untransformation, Renounce Religion, Potion Petition, Call Merchant,
Bribe Branch


You were on level 4 of the Dungeon.
You worshipped Gozag.
Gozag was aware of your devotion.
You were a hulking beast.
You visited 1 branch of the dungeon, and saw 4 of its levels.

You collected 457 gold pieces.
You paid 41 gold pieces to Gozag.


Innate Abilities, Weirdness & Mutations

You are a hulking beast.
Your limbs bulge with bestial killing power. (Slay +2)
You cannot wear most types of armour.
You are amphibious.
You can wear up to eight rings at the same time.
Your skin changes colour to match your surroundings (Stealth+).
Your rubbery body absorbs attacks. (AC +1, EV +1)
((You are camouflaged when in or above water. (Stealth+)))
You have tentacles for arms and can constrict up to eight enemies at once.
You are partially covered in iridescent scales. (AC +2)
You have supernaturally acute eyesight. (SInv)
Your body sometimes deteriorates upon taking damage.
Your system is resistant to poisons. (rPois)


   Skills:
 - Level 5.0 Fighting
 - Level 2.0 Dodging
 - Level 5.0 Stealth
 - Level 3.0 Unarmed Combat
 + Level 3.5 Shapeshifting


You had 5 spell levels left.
You didn't know any spells.
Your spell library contained the following spells:

 Spells                   Type           Power      Damage    Failure   Level
 Magic Dart               Conj           0%         1d3       34%         1
 Searing Ray              Conj           0%         2d4       47%         2
 Fulminant Prism          Conj/Alch      0%         3d5       98%         4

Inventory:

Talismans
 b - a beast talisman (active)
 c - a flux talisman
Scrolls
 d - 3 scrolls of enchant armour
 e - a scroll of silence {!r}
 f - a scroll of identify {@r1}
 g - a scroll of teleportation {@r4}
 h - a scroll of vulnerability {!r!r}
 i - a scroll of immolation {!r!r}
 l - a scroll of noise {!r}
 o - a scroll of poison {unknown}
Potions
 a - a potion of lignification {!q}
 j - a potion of enlightenment
 m - a potion of haste {@q3}
 n - a potion of invisibility {unknown}

Dungeon Overview and Level Annotations

Branches:
Dungeon (4/15) Zot: 21145
 Temple: D:4-7

Altars:
Gozag
The Shining One

Annotations:
D:4 exclusion: centaur, Ijyb

#### ..# ##
#######+########.#####.
#§§≈§≈§.≈≈≈≈≈≈##.#.....
#≈§§≈J§...≈≈§≈#....#.##
#§§≈..h....§≈§######.#
#≈≈.........≈≈# #.##
#≈...##.##...≈# ##.#
#≈...#.$.#...§#### ##.
+.............'..# ##
#≈...#.$.#...≈##.#### #
#≈.§.##.##.§.§##....# #
#≈≈. .......≈§##.##.###
.......≈§≈##.##..<)


You could see a jelly.


Message History

HP[+1]
You swap places.
Menkaure calls on the powers of darkness!
Your body is wracked with pain!
* * * LOW HITPOINT WARNING * * *
HP[-2]
You take 2 damage, and now have 5/44 hp.
You swap places.
Menkaure misses your butterfly.
You swap places.
Menkaure gestures at you while chanting.
Your butterfly writhes in agony!
Your butterfly dies!
Your butterfly disappears in a burst of colours!
HP[+1] Menkaure hits your butterfly!!
Your butterfly dies!
Your butterfly disappears in a burst of colours!
Menkaure gestures at you while chanting.
Your butterfly barely resists.
HP[+1] HP[+1] HP[+1]
There is a stone staircase leading up here.
You climb upwards.
There is a stone staircase leading down here.
HP[+1]
You start resting.
HP[+34]
Your hp is fully restored (44).
You climb downwards.
Level annotation: exclusion: centaur, Ijyb, Menkaure
There is a stone staircase leading up here.
Things that are here:
a +0 dagger {short}; a +0 club {mace}; a +0 club {mace} You tentacle-slap Menkaure.
Your grab misses Menkaure.
Your tentacle-slap misses Menkaure.
You squeeze Menkaure.
Menkaure calls on the powers of darkness!
Your body is wracked with pain!
HP[-21]
You take 21 damage, and now have 23/44 hp.
MASSIVE DAMAGE!! (PAUSE)
You completely miss Menkaure. Your grab misses Menkaure. You squeeze Menkaure!
Menkaure closely misses you.
You tentacle-slap Menkaure. Your grab misses Menkaure.
You squeeze Menkaure, but do no damage. You tentacle-slap Menkaure.
You destroy Menkaure!
Training target 5.0 for Fighting reached!
Your Fighting skill increases to level 5!
You need to enable at least one skill for training.
HP[+1]
You now have 45 max hp (+1).
You feel a genetic drift.
Iridescent scales grow over part of your body.
You no longer feel a hidden potential within.
You now have 416 gold pieces (gained 6).
You see here a +0 club {mace}.
Things that are here:
a +0 dagger {short}; a +0 club {mace}; a +0 club {mace}
There is a stone staircase leading up here.
You open the door.
There is an open door here.
A jelly comes into view.
HP[+21]
Your hp is fully restored (45).
A jelly is nearby!
The helpless jelly fails to defend itself.
You tentacle-slap the jelly. The acid corrodes you!
Your tentacles burn!
The jelly hits you.
You are splashed with acid!
HP[-14]
You take 14 damage, and now have 31/45 hp.
MASSIVE DAMAGE!! (PAUSE)
You tentacle-slap the jelly.
Your tentacles burn!
The jelly misses you.
HP[-5]
You take 5 damage, and now have 26/45 hp.
You tentacle-slap the jelly but do no damage.
Your tentacles burn!
You squeeze the jelly, but do no damage.
The jelly barely misses you.
HP[-2]
You take 2 damage, and now have 24/45 hp.
You tentacle-slap the jelly but do no damage.
Your tentacles burn!
* * * LOW HITPOINT WARNING * * *
The jelly hits you.
* * * LOW HITPOINT WARNING * * *
You are splashed with acid!
* * * LOW HITPOINT WARNING * * *
Your body deteriorates!
You feel dopey.
HP[-13]
You take 13 damage, and now have 11/45 hp.
MASSIVE DAMAGE!! (PAUSE)
You tentacle-slap the jelly but do no damage.
Your tentacles burn!
* * * LOW HITPOINT WARNING * * *
You tentacle-slap the jelly. The jelly hits you.
* * * LOW HITPOINT WARNING * * *
You are splashed with acid!
You die...
Your body crumbles into a pile of gold.

Skill      XL: |  1  2  3  4  5  6 |
---------------+-------------------+-----
Stealth        | 2 3 5 |  5.0
Fighting       | 3 4 5 |  5.0
Dodging        | |  2.0
Unarmed Combat | |  3.0
Shapeshifting  | |  3.5

Action                     |  1- 3 |  4- 6 || total
---------------------------+-------+-------++-------
  Melee: Unarmed           |    61 |   101 ||   162
         Constrict         |    17 |    30 ||    47
         Tentacles         |    11 |    26 ||    37
         Punch             |     3 |     7 ||    10
    Use: Scroll            |       |     9 ||     9
         Potion            |       |     3 ||     3
   Stab: Sleeping          |     9 |     5 ||    14
         Distracted        |       |     1 ||     1
 Armour: Skin              |    18 |    27 ||    45
  Dodge: Dodged            |    26 |    41 ||    67
   Form: Beast             |     2 |       ||     2
                           |     1 |       ||     1

Levels and vault maps discovered:
D:1:      dpeg_arrival_arbitrary_a, layout_basic
D:2:      layout_rooms, item_on_display_a
D:3:      layout_basic, mainiacjoe_overflow_24_doors
D:4:      layout_loops_ring, elyvilon_altar_1, nicolae_tso_besieged_by_evil,
          minmay_temple_entry_poolview, kennysheep_decorative_pillar,
          kennysheep_generic_room_2, uniq_edmund, uniq_menkaure, uniq_duvessa,
          uniq_ijyb, uniq_grinder, uniq_robin

Notes
Turn   | Place    | Note
-------+----------+-------------------------------------------
     0 | D:1      | zeratav the Octopode Shapeshifter began the quest for the
                  | Orb.
     0 | D:1      | Reached XP level 1. HP: 13/13 MP: 1/1
     0 | D:1      | magus.rc [v1.9.6]
    30 | D:1      | Reached skill level 1 in Stealth
   101 | D:1      | Reached skill level 2 in Stealth
   183 | D:1      | Reached XP level 2. HP: 18/18 MP: 2/2
   295 | D:1      | Reached skill level 3 in Stealth
   780 | D:2      | Reached XP level 3. HP: 15/23 MP: 3/3
   841 | D:2      | Reached skill level 4 in Stealth
  1223 | D:3      | Reached skill level 5 in Stealth
  1288 | D:3      | Reached XP level 4. HP: 28/28 MP: 4/4
  1297 | D:3      | Found an opulent altar of Gozag.
  1302 | D:3      | Became a worshipper of Gozag Ym Sagoz the Greedy
  1722 | D:3      | Reached skill level 2 in Fighting
  1907 | D:3      | Gained mutation: Your body sometimes deteriorates upon
                  | taking damage. [potion of mutation]
  1907 | D:3      | Gained mutation: You have supernaturally acute eyesight.
                  | (SInv) [potion of mutation]
  1907 | D:3      | Gained mutation: You have hidden genetic potential. [potion
                  | of mutation]
  1929 | D:4      | Noticed a centaur
  1939 | D:4      | Noticed Menkaure
  1992 | D:4      | Identified the +0 helmet of Forking Paths {rPois}
  1992 | D:4      | Noticed Robin
  2094 | D:4      | Found a glowing golden altar of the Shining One.
  2106 | D:4      | Reached skill level 3 in Fighting
  2106 | D:4      | Reached XP level 5. HP: 34/36 MP: 5/5
  2171 | D:4      | Noticed Ijyb
  2254 | D:4      | Reached skill level 4 in Fighting
  2256 | D:4      | Gained mutation: Your system is resistant to poisons.
                  | (rPois) [hidden potential]
  2339 | D:4      | Identified the +3 leather armour of Fortification {Harm
                  | rElec rC+ Int-3}
  2362 | D:4      | Killed Robin
  2382 | D:4      | Reached XP level 6. HP: 26/44 MP: 6/6
  2600 | D:4      | You pick up a book of Conjurations and begin reading...
  2600 | D:4      | You add the spells Magic Dart, Searing Ray and Fulminant
                  | Prism to your library.
  2623 | D:4      | HP: 6/44 [Menkaure/nerve-wracking pain (14)]
  2777 | D:4      | Killed Menkaure
  2778 | D:4      | Reached skill level 5 in Fighting
  2790 | D:4      | Gained mutation: You are partially covered in iridescent
                  | scales. (AC +2) [hidden potential]
  2790 | D:4      | Lost mutation: You have hidden genetic potential. [hidden
                  | potential expressed]
  2878 | D:4      | HP: 11/45 [acid (8)]
  2879 | D:4      | Splashed by a jelly's acid

Vanquished Creatures
  Menkaure (D:4)
  A crimson imp (D:4)
  A bombardier beetle (D:4)
  A hound (D:4)
  Robin (D:4)
  4 adders
  2 ribbon worms
  5 orcs (D:3)
  5 ball pythons
  2 bats
  6 endoplasms
  A giant cockroach (D:3)
  9 goblins
  11 hobgoblins
  5 quokkas
  5 frilled lizards
  5 goblin zombies (D:4)
  A hobgoblin zombie (D:4)
  4 kobolds (D:1)
  A kobold skeleton (D:4)
  2 orc zombies (D:4)
  5 rats
78 creatures vanquished.

Table legend:
 A = Non-vault XP
 B = Vault XP
 C = Vault XP percentage of total XP
 D = Non-vault monster count
 E = Vault monster count
 F = Vault count percentage of total count
                 A         B        C        D         E       F
            +---------+---------+-------+---------+---------+-------
      Total |     235 |     266 |  53.1 |      56 |      22 |  28.2
            +---------+---------+-------+---------+---------+-------
        D:1 |      31 |       0 |   0.0 |      21 |       0 |   0.0
        D:2 |      42 |       0 |   0.0 |      10 |       0 |   0.0
        D:3 |      66 |       0 |   0.0 |      20 |       0 |   0.0
        D:4 |      96 |     266 |  73.5 |       5 |      22 |  81.5
            +---------+---------+-------+---------+---------+-------

Skill      XL: |  1  2  3  4  5  6 |
---------------+-------------------+-----
Stealth        | 2 3 5 |  5.0
Fighting       | 3 4 5 |  5.0
Dodging        | |  2.0
Unarmed Combat | |  3.0
Shapeshifting  | |  3.5

Action                     |  1- 3 |  4- 6 || total
---------------------------+-------+-------++-------
  Melee: Unarmed           |    61 |   101 ||   162
         Constrict         |    17 |    30 ||    47
         Tentacles         |    11 |    26 ||    37
         Punch             |     3 |     7 ||    10
    Use: Scroll            |       |     9 ||     9
         Potion            |       |     3 ||     3
   Stab: Sleeping          |     9 |     5 ||    14
         Distracted        |       |     1 ||     1
 Armour: Skin              |    18 |    27 ||    45
  Dodge: Dodged            |    26 |    41 ||    67
   Form: Beast             |     2 |       ||     2
                           |     1 |       ||     1

Illustrated notes

Table legend:
 A = Kills in this place as a percentage of kills in the entire game.
 B = Kills by you in this place as a percentage of kills by you in the entire game.
 C = Kills by friends in this place as a percentage of kills by friends in the entire game.
 D = Other kills in this place as a percentage of other kills in the entire game.
 E = Experience gained in this place as a percentage of experience gained in the entire game.
 F = Experience gained in this place divided by the number of levels of this place that you have seen.
                   A       B       C       D       E      F
               +-------+-------+-------+-------+-------+----------------------
         Total | 100.0 | 100.0 |   N/A |   N/A | 100.0 | 125.2
       Dungeon | 100.0 | 100.0 |   N/A |   N/A | 100.0 | 125.2
               +-------+-------+-------+-------+-------+----------------------

Table legend: (Time is in decaauts)
 A = Elapsed time spent in this place.
 B = Non-inter-level travel time spent in this place.
 C = Inter-level travel time spent in this place.
 D = Time resting spent in this place.
 E = Time spent auto-exploring this place.
 F = Levels seen in this place.
 G = Mean time per level.
                   A        B        C        D        E       F      G
               +--------+--------+--------+--------+--------+-----+--------+
         Total |   2853 |   2777 |     76 |    182 |   1887 |   4 |  713.2 |
       Dungeon |   2853 |   2777 |     76 |    182 |   1887 |   4 |  713.2 |
               +--------+--------+--------+--------+--------+-----+--------+

Top non-repeatable levels by time:
     D:3: 838 daAuts
     D:4: 813 daAuts
     D:1: 765 daAuts
     D:2: 436 daAuts
